 Dungeon Crawl Stone Soup version 0.31.0-12-g77e489cdc1 (webtiles) character file.

Game seed: 6618833408201745423

557 cdecastro the Cudgeller (level 7, -1/53 HPs)
             Began as an Armataur Warper on Feb 23, 2024.
             Slain by a gnoll
             ... wielding a +0 flail
             ... led by a gnoll bouda
              (2 damage)
             ... on level 5 of the Dungeon.
             The game lasted 00:08:34 (3251 turns).

cdecastro the Cudgeller (Armataur Warper)           Turns: 3251, Time: 00:08:35

Health: -1/53      AC:  5    Str: 18    XL:     7   Next: 9%
Magic:  9/9        EV:  9    Int: 13    God:
Gold:   25         SH:  0    Dex: 10    Spells: 9/9 levels left

rFire   + . .        a - +0 mace
rCold   + . .        (no shield)
rNeg    . . .        b - +0 leather armour
rPois   .            t - +0 helmet
rElec   .            (no cloak)
rCorr   .            (no gloves)
SInv    .            (no barding)
Will    .....        r - amulet of regeneration
Stlth   +            n - ring of protection from fire
HPRegen 1.73/turn    p - ring of protection from cold
MPRegen 0.44/turn

%: roll
@: no status effects
A: large, deformed body, tough skin 3, armoured tail, roll 2
a: no special abilities


You were on level 5 of the Dungeon.
You visited 2 branches of the dungeon, and saw 5 of its levels.

You collected 25 gold pieces.

Inventory:

Hand Weapons
 a - a +0 mace (weapon)
Missiles
 d - 7 darts of dispersal (quivered)
 i - 15 stones
 m - 3 poisoned darts
 u - a boomerang
 v - 2 large rocks
Armour
 b - a +0 leather armour (worn)
 t - a +0 helmet (worn)
Magical Staves
 f - a staff of earth
Jewellery
 n - a ring of protection from fire (left hand)
 p - a ring of protection from cold (right hand)
 r - an amulet of regeneration (around neck)
Scrolls
 c - a scroll of blinking
 h - a scroll of teleportation
 k - 3 scrolls of revelation {unknown}
 l - 3 scrolls of identify {unknown}
 s - a scroll of enchant weapon {unknown}
Potions
 e - 2 potions of might {unknown}
 g - a potion of resistance {unknown}
 j - 2 potions of curing {unknown}
 o - a potion of ambrosia {unknown}
 q - a potion of heal wounds {unknown}


   Skills:
 - Level 1.7 Fighting
 + Level 7.1 Maces & Flails
 - Level 0.8 Throwing
 - Level 1.2 Armour
 - Level 1.3 Dodging
 - Level 1.7 Spellcasting
 - Level 3.0 Translocations


You had 9 spell levels left.
You didn't know any spells.
Your spell library contained the following spells:

 Spells                   Type           Power      Damage    Failure   Level
 Blink                    Tloc           16%        N/A       14%         2
 Lesser Beckoning         Tloc           16%        N/A       14%         2
 Teleport Other           Tloc           8%         N/A       26%         3
 Manifold Assault         Tloc           8%         N/A       65%         4
 Ozocubu's Armour         Ice            1%         N/A       67%         3
 Vhi's Electric Charge    Tloc/Air       10%        N/A       86%         4
 Metabolic Englaciation   Hex/Ice        0%         N/A       100%        5
 Sculpt Simulacrum        Ice/Alch       0%         N/A       100%        6


Dungeon Overview and Level Annotations

Branches:
Dungeon (5/15)             Temple (1/1) D:5

Altars:
Cheibriados
Dithmenos
Elyvilon
Fedhas
Gozag
Hepliaklqana
Kikubaaqudgha
Makhleb
Nemelex Xobeh
Okawaru
Qazlal
Ru
Trog
Uskayaw
Vehumet
Wu Jian
Xom
Yredelemnul


Innate Abilities, Weirdness & Mutations

Armour fits poorly on your strangely shaped body.
You have extremely tough skin. (AC +3)
You have a long armoured tail.
You regenerate magic and health when rolling toward enemies. (Rampage Regen)


Message History

The orc hits you with a +1 flail of holy wrath!
You barely miss the orc.
The orc is lightly wounded.
You feel sick.
The orc hits you with a +1 flail of holy wrath.
You barely miss the orc.
The orc is lightly wounded.
You feel sick.
A gnoll comes into view. It is wielding a +1 spear of venom.
The gnoll hits you but does no damage.
The orc hits you with a +1 flail of holy wrath!
The gnoll hits you with a +0 flail.
* * * LOW HITPOINT WARNING * * *
The gnoll shouts!
You hit the orc but do no damage.
The orc is lightly wounded.
You feel sick. The orc closely misses you.
The gnoll bouda barks out a call to the hunt!
The gnolls pick up the pace!
The gnoll barely misses you. The gnoll hits you with a +0 flail!
* * * LOW HITPOINT WARNING * * *
You hear a shout!
You closely miss the orc.
The orc is lightly wounded.
You feel sick.
The gnoll bouda barks out a call to the hunt!
The orc barely misses you.
The gnoll hits you from afar with a +0 spear!
* * * LOW HITPOINT WARNING * * *
The gnoll hits you with a +0 flail.
* * * LOW HITPOINT WARNING * * *
You hear a shout!
You barely miss the orc.
Your tail-slap misses the orc.
The orc is lightly wounded.
You feel sick.
You are no longer poisoned.
The gnoll hits you from afar with a +0 spear.
* * * LOW HITPOINT WARNING * * *
The orc barely misses you. The gnoll hits you with a +0 flail.
You die...

#....## #.. ##.....##
##.. ##.......#
#.......#####...
#........#
..####.....<....
#........## o##
#.........
##.........# ##
..gg... ##...........
......g ##...........
......g####.........#
.....go@...........#
...................#
....?.##......##...#
.....# ###....###†.##
....# ##...# #...##
.... #...# ##...# #
... ##..# ##..## # ..
#..# ###.## # ##.#
##..


You could see a gnoll bouda, 4 gnolls and an orc.

Vanquished Creatures
  2 phantoms (D:5)
  Blork the orc (D:5)
  A howler monkey (D:5)
  2 hounds (D:5)
  An orc priest (D:5)
  A sleepcap (D:5)
  Natasha (thrice) (D:2)
  A gnoll (D:1)
  5 adders
  2 orcs (D:5)
  4 bats
  5 endoplasms
  2 giant cockroaches (D:1)
  4 goblins
  6 hobgoblins
  5 kobolds
  4 quokkas
  8 ball pythons (D:1)
  3 frilled lizards (D:2)
  6 rats
66 creatures vanquished.

Notes
Turn   | Place    | Note
-------+----------+-------------------------------------------
     0 | D:1      | cdecastro the Armataur Warper began the quest for the Orb.
     0 | D:1      | Reached XP level 1. HP: 17/17 MP: 3/3
   104 | D:1      | Reached skill level 2 in Maces & Flails
   274 | D:1      | Reached XP level 2. HP: 7/24 MP: 4/4
   444 | D:1      | Reached skill level 3 in Maces & Flails
   517 | D:1      | Found a faded altar of an unknown god.
   656 | D:1      | Reached XP level 3. HP: 28/29 MP: 5/5
  1313 | D:2      | Reached skill level 4 in Maces & Flails
  1313 | D:2      | Reached XP level 4. HP: 36/36 MP: 6/6
  1385 | D:2      | Noticed Natasha
  1391 | D:2      | Killed Natasha
  1716 | D:2      | Noticed Natasha
  1725 | D:2      | Killed Natasha
  1729 | D:2      | Noticed Natasha
  1860 | D:2      | Killed Natasha
  1861 | D:2      | Reached XP level 5. HP: 21/41 MP: 7/7
  2062 | D:3      | You fall into a shaft and drop 2 floors!
  2062 | D:5      | Entered Level 5 of the Dungeon
  2074 | D:5      | Noticed a phantom
  2101 | D:5      | Found a staircase to the Ecumenical Temple.
  2102 | D:5      | Killed a phantom
  2103 | D:5      | Reached skill level 5 in Maces & Flails
  2120 | Temple   | Entered the Ecumenical Temple
  2399 | D:5      | Reached XP level 6. HP: 44/48 MP: 8/8
  2432 | D:5      | Reached skill level 6 in Maces & Flails
  2600 | D:5      | Noticed Blork the orc
  2620 | D:5      | Killed Blork the orc
  3101 | D:5      | Reached skill level 7 in Maces & Flails
  3128 | D:5      | Gained mutation: You regenerate magic and health when
                  | rolling toward enemies. (Rampage Regen) [Armataur growth]
  3128 | D:5      | Reached XP level 7. HP: 53/53 MP: 9/9
  3251 | D:5      | HP: 1/53 [gnoll/+0 spear (5)]
  3251 | D:5      | Slain by a gnoll

Illustrated notes

Levels and vault maps discovered:
D:1:      wander_arrival_desolate, layout_basic,
          nicolae_ecumenical_snake_handling, st_stairs_8
D:2:      layout_basic, serial_forest, infiniplex_forest_zigzag_2,
          infiniplex_forest_straight_3, infiniplex_forest_clump_double,
          infiniplex_forest_straight_2, infiniplex_forest_clump_cross,
          infiniplex_forest_lined_room_2, infiniplex_forest_clump_tiny,
          amcnicky_mini_pool_small, chequers_serial_rivers_micro_d, uniq_natasha
D:3:      layout_basic, uniq_ijyb
D:5:      layout_layer_cave, temple_hall, minmay_statues_item,
          uniq_blork_the_orc
Temple:   regret_index_temple_mists

Skill      XL: |  1  2  3  4  5  6 |
---------------+-------------------+-----
Maces & Flails | 2 3 4 5 7 |  7.1
Fighting       | |  1.7
Throwing       | |  0.8
Armour         | |  1.2
Dodging        | |  1.3
Spellcasting   | |  1.7
Translocations | |  3.0

Action                     |  1- 3 |  4- 6 |  7- 9 || total
---------------------------+-------+-------+-------++-------
  Melee: Mace              |   116 |   134 |    20 ||   270
         Tailslap          |    13 |    22 |     2 ||    37
         Punch             |     2 |     1 |     1 ||     4
    Use: Scroll            |       |     2 |       ||     2
 Armour: Leather armour    |    88 |    97 |    22 ||   207
  Dodge: Dodged            |    59 |    67 |    12 ||   138
